 Dungeon Crawl Stone Soup version 0.23.2-33-g5129a83184 (webtiles) character file.

Game seed: 13291819002355515222

46 Kold the Insei (level 3, 0/23 HPs)
             Began as an Octopode Transmuter on July 20, 2019.
             Slain by a worm (12 damage)
             ... on level 2 of the Dungeon.
             The game lasted 00:02:01 (1454 turns).

Kold the Insei (Octopode Transmuter)                Turns: 1454, Time: 00:02:02

Health: 0/23       AC:  1    Str: 10    XL:     3   Next: 68%
Magic:  5/6        EV: 13    Int: 15    God:
Gold:   6          SH:  0    Dex: 12    Spells: 5/6 levels left

rFire    . . .     SeeInvis .     - Unarmed
rCold    . . .     Gourm    .   (no shield)
rNeg     . . .     Faith    .   (helmet restricted)
rPois    .         Spirit   .   (no amulet)
rElec    .         Reflect  .   (no ring)
rCorr    .         Harm     .   (no ring)
MR       .....                  (no ring)
Stlth    +++.......             (no ring)
HPRegen  0.07/turn              (no ring)
MPRegen  0.10/turn              (no ring)
                                (no ring)
                                (no ring)

@: appendage
A: almost no armour, stealthy swim, amphibious, 8 rings, constrict 8, tentacle
spike 3, camouflage 1, gelatinous body 1
a: End Transformation


You were on level 2 of the Dungeon.
You were not hungry.
One of your tentacles had a temporary spike.
You visited 1 branch of the dungeon, and saw 2 of its levels.

You collected 6 gold pieces.

Inventory:

Missiles
 a - 12 arrows
Scrolls
 b - a scroll of remove curse {unknown}
 d - a scroll of random uselessness {unknown}
 e - a scroll of amnesia {unknown}
Comestibles
 c - 3 rations
 f - 2 chunks of flesh


   Skills:
 - Level 1.0 Fighting
 + Level 2.5 Dodging
 + Level 2.1 Stealth
 + Level 3.3 Unarmed Combat
 - Level 2.0 Spellcasting
 + Level 2.5 Transmutations


You had 5 spell levels left.
You knew the following spells:

 Your Spells              Type           Power        Failure   Level  Hunger
a - Beastly Appendage     Tmut           #.....       8%          1    #......

Your spell library contained the following spells:

 Spells                   Type           Power        Failure   Level  Hunger
 Sticks to Snakes         Tmut           #.......     12%         2    ###....
 Spider Form              Tmut/Pois      #.........   36%         3    ###....
 Ice Form                 Ice/Tmut       #.......     78%         4    #####..
 Blade Hands              Tmut           #.........   91%         5    ######.


Dungeon Overview and Level Annotations

Branches:
Dungeon (2/15)

Altars:
Hepliaklqana


Innate Abilities, Weirdness & Mutations

You cannot wear most types of armour.
You are very stealthy in the water. (Stealth+)
You are amphibious.
You can wear up to eight rings at the same time.
You can use your tentacles to constrict eight enemies at once.
Your skin changes colour to match your surroundings (Stealth+).
Your rubbery body absorbs attacks. (AC +1, EV +1)
One of your tentacles bears a large vicious spike.


Message History

a hobgoblin skeleton; a leopard gecko skeleton
There is a stone staircase leading up here.
You start resting.
Your tentacle spike disappears.
A worm comes into view.
Casting: Beastly Appendage (safe; 8% risk of failure)
Confirm with . or Enter, or press ? or * to list all spells.
One of your tentacles grows a vicious spike.
You barely miss the worm. You grab the worm. You constrict the worm.
You tentacle-slap the worm.
The worm is lightly wounded.
You constrict the worm. The worm bites you.
You tentacle-slap the worm.
The worm is moderately wounded.
You constrict the worm.
You tentacle-slap the worm but do no damage.
The worm is heavily wounded.
You constrict the worm. The worm bites you!
Ouch! That really hurt!
You die...

.....# .....
#...# ###$..#
.....# #....# ##
###.)..# ..
#..w.#.## .#.#.
#..@....#
.._...#[#.###.#
#....รท<# #
#.....#.##.......
........> .##.###
............
#.#..##......
#.... ..l.....
##. ...s.....


You could see a worm.

Vanquished Creatures
  A leopard gecko (D:2)
  A ball python (D:1)
  A giant cockroach (D:2)
  6 goblins
  7 hobgoblins
  4 jackals (D:1)
  6 bats
  11 frilled lizards (D:1)
  4 kobolds (D:1)
  3 rats (D:1)
44 creatures vanquished.

Notes
Turn   | Place    | Note
-------+----------+-------------------------------------------
     0 | D:1      | Kold the Octopode Transmuter began the quest for the Orb.
     0 | D:1      | Reached XP level 1. HP: 13/13 MP: 3/3
    34 | D:1      | Reached XP level 2. HP: 11/18 MP: 5/5
   170 | D:1      | Reached skill level 1 in Stealth
   956 | D:1      | Reached XP level 3. HP: 20/23 MP: 4/6
  1374 | D:2      | Found a hazy altar of Hepliaklqana.
  1454 | D:2      | Slain by a worm

Skill      XL: |  1  2  3 |
---------------+----------+-----
Stealth        | 1 2 |  2.1
Fighting       | |  1.0
Dodging        | |  2.5
Unarmed Combat | |  3.3
Spellcasting   | |  2.0
Transmutations | |  2.5

Action                   || total
-------------------------++-------
Melee: Unarmed           ||    86
       Constrict         ||    28
       Kick              ||    11
       Tentacles         ||    10
 Cast: Beastly Appendage ||    17
 Stab: Sleeping          ||     2
  Eat: Chunk             ||     2
Armor: Skin              ||     9
Dodge: Dodged            ||    51
